 Dungeon Crawl Stone Soup version 0.28.0-53-g5a82cb258f (console) character file.

Game seed: 2138865017022190871

841 Faeu the Skirmisher (level 8, -8/74 HPs)
             Began as a Hill Orc Berserker on May 25, 2022.
             Was an Initiate of Beogh.
             Mangled by a polar bear (23 damage)
             ... created by the rage of Trog
             ... on level 4 of the Dungeon.
             The game lasted 00:08:39 (4277 turns).

Faeu the Skirmisher (Hill Orc Berserker)            Turns: 4277, Time: 00:08:39

Health: -8/74      AC: 10    Str: 22    XL:     8   Next: 0%
Magic:  10/10      EV:  8    Int: 12    God:    Beogh [......]
Gold:   196        SH:  0    Dex: 10    Spells: 7/7 levels left

rFire   . . .      SeeInvis .   q - +10 spear {holy, rN+ Int+5, polearm}
rCold   . . .      Faith    .   (no shield)
rNeg    + . .      Spirit   .   r - +1 chain mail {rPois}
rPois   +          Reflect  .   (no helmet)
rElec   .          Harm     .   s - +0 cloak
rCorr   .          Rampage  .   (no gloves)
Will    .....                   (no boots)
Stlth   ..........              (no amulet)
HPRegen 0.22/turn               (no ring)
MPRegen 0.12/turn               (no ring)

@: no status effects
A: no striking features
a: Renounce Religion


You were on level 4 of the Dungeon.
You worshipped Beogh.
Beogh was noncommittal.
You visited 1 branch of the dungeon, and saw 4 of its levels.

You collected 196 gold pieces.


   Skills:
 + Level 7.9 Fighting
 - Level 5.3(6.8) Axes
 + Level 5.3(6.1) Polearms
 - Level 2.1 Armour
 - Level 1.5 Dodging
 - Level 3.3 Invocations


You had 7 spell levels left.
You didn't know any spells.
Your spell library contained the following spells:

 Spells                   Type           Power      Damage    Failure   Level
 Sting                    Tmut/Pois      0%         1d3       97%         1
 Summon Small Mammal      Summ           0%         N/A       97%         1
 Poisonous Vapours        Pois/Air       0%         N/A       99%         2
 Confusing Touch          Hex            0%         N/A       100%        3
 Airstrike                Air            0%         N/A       100%        4
 Olgreb's Toxic Radiance  Pois           0%         N/A       100%        4
 Summon Lightning Spire   Summ/Air       0%         N/A       100%        4
 Lightning Bolt           Conj/Air       0%         1d11      100%        5
 Summon Forest            Summ/Tloc      0%         N/A       100%        5
 Yara's Violent Unravell  Hex/Tmut       0%         3d3       100%        5
 Enfeeble                 Hex            0%         N/A       100%        7
 Malign Gateway           Summ/Tloc      0%         N/A       100%        7

Inventory:

Hand Weapons
 a - a +0 hand axe {axe}
 o - a +3 dagger of protection {short}
   (You took it off Ijyb on level 3 of the Dungeon)
 q - the +10 spear "Teczorphe" (weapon) {holy, rN+ Int+5, polearm}
   (You found it on level 3 of the Dungeon)

   It has been blessed by the Shining One to cause great damage to the undead
   and demons.
   Int:       It affects your intelligence (+5).
   rN:        It protects you from negative energy.
Missiles
 d - 22 arrows
 e - 108 stones (quivered) {throwing}
 l - 3 poisoned darts {throwing}
 n - 19 bolts
Armour
 b - a +0 animal skin
 c - a +4 scale mail
   (You found it on level 1 of the Dungeon)
 g - a +0 chain mail
   (You found it on level 1 of the Dungeon)
 r - a +1 chain mail of poison resistance (worn)
   (You took it off an orc on level 3 of the Dungeon)
 s - a +0 cloak (worn)
   (You found it on level 4 of the Dungeon)
Jewellery
 v - a ring of positive energy
   (You found it on level 4 of the Dungeon)
Wands
 p - a wand of polymorph (9)
   (You took it off Ijyb on level 3 of the Dungeon)
Scrolls
 h - a scroll of torment {unknown}
 i - a scroll of enchant weapon {unknown}
 m - a scroll of teleportation {unknown}
 t - 2 scrolls of vulnerability {unknown}
 x - a scroll of blinking {unknown}
 y - 2 scrolls of magic mapping {unknown}
 z - a scroll of identify {unknown}
 A - a scroll of noise {unknown}
Potions
 f - a potion of might
 j - a potion of lignification {!q}
 k - 2 potions of degeneration {unknown}
 u - a potion of curing {unknown}
 w - a potion of heal wounds {@q2}

Dungeon Overview and Level Annotations

Branches:
Dungeon (4/15)
 Temple: D:4-7

Altars:
Hepliaklqana
Nemelex Xobeh

Shops:
D:3 [

Annotations:
D:4 2 transporters, Ethylacetat's ghost, amateur NaHu

)##...)...#
.##.......#
.†..).....#
.##.######### ####
^##...##....### #..#
.####.##.#....###..#
## #)##..###.#....#
##..............#
##......####.###.#
#.......####.###.#
#...........hh@hh#
###.......#.######.#
....#.)..............
##.......#.#.......#.#
#####..#...#.......# #
.......#.#..........
#####..#.#########.#
#.......# # ###.#.###
#.#..# #....#


You could see 3 polar bears and a black bear (berserk).


Message History

You reach to attack!
You hit Edmund but do no damage.
Edmund is nearby!
You hit Edmund but do no damage. Edmund hits you but does no damage.
Edmund is nearby!
You puncture Edmund!
Edmund hits you with a +5 dire flail of protection! 😕 HP[-9]
You take 9 damage, and now have 57/66 hp.
Edmund is nearby!
You hit Edmund but do no damage. 😕 HP[+1] Edmund is nearby!
You hit Edmund.
Edmund gestures with his flail.
Edmund hits you with a +5 dire flail of protection! 😮 HP[-14]
You take 14 damage, and now have 44/66 hp.
MASSIVE DAMAGE!! (PAUSE) Edmund is nearby!
You are too injured to fight recklessly!
Edmund is nearby!
You are too injured to fight recklessly!
You puncture Edmund! Edmund closely misses you.
An orc comes into view. It is wielding a +0 dagger.
The orc shouts!
You hit Edmund but do no damage.
Edmund hits you with a +5 dire flail of protection! 😮 HP[-7]
You take 7 damage, and now have 37/66 hp.
You hit Edmund.
You kill Edmund!
Beogh accepts your kill.
You recover from your berserk rage.
Your base Polearms skill increases to level 5!
You have reached level 8! 😮 HP[+5] MP[+1]
You now have 74 max hp (+8).
You regained 5 hp, and now have 42/74 hp.
Your mp is fully restored (10). 😮 HP[+1]
Things that are here:
a +0 falchion {long}; a +0 leather armour; an orc corpse 😮 HP[+1]
An orc is nearby!
You are too injured to fight recklessly!
You closely miss the orc. The orc completely misses you.
You closely miss the orc. 😮 HP[+1]
You hit the orc.
You kill the orc!
Beogh accepts your kill.
Things that are here:
a +0 dagger {short}; an orc corpse No target in view! 😎 HP[+29]
You now have 196 gold pieces (gained 14).
Things that are here:
a +0 dagger {short}; a +0 leather armour No target in view!
Things that are here:
a +0 falchion {long}; a +0 leather armour; an orc corpse
Things that are here:
a +5 dire flail of protection {mace}; a +0 chain mail; the human corpse of Edmund No target in view!
Unknown command.
Trog sends monsters to punish you. 2 black bears and 3 polar bears come into view.
You puncture the black bear! You closely miss the black bear.
You hit the polar bear.
The black bear bites you but does no damage.
The black bear claws you but does no damage.
The black bear barely misses you.
You closely miss the polar bear.
The black bear bites you but does no damage.
The black bear barely misses you.
The black bear claws you but does no damage.
The polar bear bites you!! The polar bear claws you.
The polar bear claws you but does no damage. 😮 HP[-20]
You take 20 damage, and now have 54/74 hp.
MASSIVE DAMAGE!! (PAUSE)
You closely miss the polar bear. The black bear bites you!
The black bear claws you. x2
You hear an angry growl.
The polar bear bites you.
The polar bear claws you but does no damage.
The polar bear completely misses you. 😮 HP[-14]
You take 14 damage, and now have 40/74 hp.
You barely miss the polar bear.
The black bear bites you but does no damage.
The black bear closely misses you.
The black bear claws you but does no damage.
The polar bear closely misses you.
The polar bear claws you but does no damage. x2
You hit the polar bear. The polar bear bites you!!
* * * LOW HITPOINT WARNING * * *
The polar bear claws you but does no damage. x2
The polar bear bites you!!
You die...

Skill      XL: |  1  2  3  4  5  6  7 |
---------------+----------------------+-----
Invocations    | 1 2 3 |  3.3
Fighting       | 4 5 6 7 |  7.9
Axes           | 5 |  5.3
Polearms       | 2 3 5 |  5.3
Armour         | |  2.1
Dodging        | |  1.5

Action                   |  1- 3 |  4- 6 |  7- 9 || total
-------------------------+-------+-------+-------++-------
Melee: Hand axe          |   117 |    82 |       ||   199
       Punch             |       |     2 |     1 ||     3
       Spear             |       |    46 |    42 ||    88
Invok: Berserk           |     3 |     3 |     1 ||     7
       Convert to Beogh  |       |       |     1 ||     1
  Use: Potion            |       |     2 |       ||     2
Armor: Animal skin       |     7 |       |       ||     7
       Scale mail        |    40 |    43 |       ||    83
       Chain mail        |       |     4 |    15 ||    19
       Skin              |       |     2 |       ||     2
Dodge: Dodged            |    62 |    46 |    10 ||   118

Levels and vault maps discovered:
D:1:      kennysheep_arrival_forest, layout_loops_ring
D:2:      cheibrodos_old_hovel, layout_rooms,
          dilly_ecumenical_altar_fadedgnrine, basic_altar,
          minmay_worlds_worst_comb
D:3:      layout_basic, mainiacjoe_overflow_surrounded_room, serial_shops,
          nicolae_shop_advertising_works [nicolae_subvault_shop_adworks],
          uniq_ijyb
D:4:      layout_basic, gammafunk_ghost_mausoleum, minmay_misc_feat_pillars,
          uniq_edmund, uniq_sigmund, uniq_menkaure

Notes
Turn   | Place    | Note
-------+----------+-------------------------------------------
     0 | D:1      | Faeu the Hill Orc Berserker began the quest for the Orb.
     0 | D:1      | Reached XP level 1. HP: 19/19 MP: 1/1
     0 | D:1      | magus.rc [v1.9.6]
   355 | D:1      | Reached skill level 1 in Invocations
   355 | D:1      | Reached XP level 2. HP: 27/27 MP: 2/2
   372 | D:1      | You add the spells Sting, Poisonous Vapours and Olgreb's
                  | Toxic Radiance to your library.
   495 | D:1      | HP: 3/27 [quokka (4)]
   501 | D:1      | Reached skill level 4 in Fighting
  1139 | D:1      | Reached XP level 3. HP: 30/33 MP: 4/4
  1550 | D:1      | Reached skill level 2 in Invocations
  1842 | D:2      | You pick up a book of Storms {forbidden} and begin
                  | reading...
  1842 | D:2      | You add the spells Airstrike, Summon Lightning Spire and
                  | Lightning Bolt to your library.
  1899 | D:2      | Reached XP level 4. HP: 41/41 MP: 5/5
  1996 | D:2      | Reached skill level 5 in Axes
  2000 | D:2      | Reached ** piety under Trog
  2417 | D:2      | Found a sparkling altar of Nemelex Xobeh.
  2561 | D:2      | Found a faded altar of an unknown god.
  2613 | D:3      | Found Borarchum's Armour Shop.
  2619 | D:3      | Reached skill level 3 in Invocations
  2626 | D:3      | You pick up a book of Misfortune {forbidden} and begin
                  | reading...
  2626 | D:3      | You add the spells Confusing Touch, Yara's Violent
                  | Unravelling and Enfeeble to your library.
  2789 | D:3      | Noticed Ijyb
  2799 | D:3      | Killed Ijyb
  2800 | D:3      | Reached skill level 5 in Fighting
  2800 | D:3      | Reached XP level 5. HP: 48/48 MP: 7/7
  2990 | D:3      | Identified the +10 spear "Teczorphe" {holy, rN+ Int+5}
  3200 | D:3      | Reached skill level 1 in Polearms
  3241 | D:3      | Found a hazy altar of Hepliaklqana.
  3317 | D:4      | Reached skill level 2 in Polearms
  3317 | D:4      | Reached XP level 6. HP: 54/57 MP: 8/8
  3392 | D:4      | Noticed Sigmund
  3406 | D:4      | Killed Sigmund
  3407 | D:4      | Reached skill level 6 in Fighting
  3407 | D:4      | Reached skill level 3 in Polearms
  3416 | D:4      | HP: 13/58 [ogre/+0 giant club (29)]
  3421 | D:4      | HP: 8/87 [ogre/+0 giant club (3)]
  3423 | D:4      | Reached XP level 7. HP: 9/64 MP: 9/9
  3788 | D:4      | Found a transporter.
  3791 | D:4      | Noticed Ethylacetat's ghost (amateur NaHu)
  3792 | D:4      | Found a transporter.
  3814 | D:4      | Reached skill level 7 in Fighting
  3814 | D:4      | Reached skill level 4 in Polearms
  3951 | D:4      | You add the spells Summon Small Mammal, Summon Forest and
                  | Malign Gateway to your library.
  3951 | D:4      | Got the Tome of Creative Orientation {forbidden}
  4028 | D:4      | Noticed Menkaure
  4032 | D:4      | Killed Menkaure
  4033 | D:4      | Reached *** piety under Trog
  4039 | D:4      | Fell from the grace of Trog
  4039 | D:4      | Became a worshipper of Beogh the Brigand
  4049 | D:4      | Noticed Edmund
  4073 | D:4      | Killed Edmund
  4074 | D:4      | Reached skill level 5 in Polearms
  4074 | D:4      | Reached XP level 8. HP: 42/74 MP: 10/10
  4271 | D:4      | Noticed a polar bear
  4271 | D:4      | Noticed a polar bear
  4271 | D:4      | Noticed a polar bear
  4277 | D:4      | HP: 15/74 [polar bear[the rage of Trog] (25)]
  4277 | D:4      | Mangled by a polar bear

Vanquished Creatures
  Sigmund (D:4)
  Menkaure (D:4)
  Edmund (D:4)
  2 ogres (D:4)
  A bullfrog (D:4)
  Ijyb (D:3)
  An orc wizard (D:3)
  A hound skeleton (D:4)
  4 adders
  4 dart slugs
  14 orcs
  9 endoplasms
  10 giant cockroaches
  5 goblins
  5 hobgoblins
  6 jackals
  A quokka (D:1)
  12 ball pythons
  A bat (D:2)
  2 frilled lizards (D:1)
  7 kobolds
  A quokka skeleton (D:4)
  4 rats
94 creatures vanquished.

Vanquished Creatures (others)
  4 plants (D:2)
4 creatures vanquished.

Grand Total: 98 creatures vanquished

Table legend:
 A = Non-vault XP
 B = Vault XP
 C = Vault XP percentage of total XP
 D = Non-vault monster count
 E = Vault monster count
 F = Vault count percentage of total count
                 A         B        C        D         E       F
            +---------+---------+-------+---------+---------+-------
      Total |     601 |     601 |  50.0 |      83 |      11 |  11.7
            +---------+---------+-------+---------+---------+-------
        D:1 |      51 |       0 |   0.0 |      28 |       0 |   0.0
        D:2 |      76 |      13 |  14.6 |      19 |       7 |  26.9
        D:3 |      76 |      36 |  32.1 |      15 |       1 |   6.2
        D:4 |     398 |     552 |  58.1 |      21 |       3 |  12.5
            +---------+---------+-------+---------+---------+-------

Illustrated notes

Table legend:
 A = Kills in this place as a percentage of kills in entire the game.
 B = Kills by you in this place as a percentage of kills by you in the entire game.
 C = Kills by friends in this place as a percentage of kills by friends in the entire game.
 D = Other kills in this place as a percentage of other kills in the entire game.
 E = Experience gained in this place as a percentage of experience gained in the entire game.
 F = Experience gained in this place divided by the number of levels of this place that you have seen.
                   A       B       C       D       E      F
               +-------+-------+-------+-------+-------+----------------------
         Total | 100.0 | 100.0 |   N/A |   N/A | 100.0 | 300.5
       Dungeon | 100.0 | 100.0 |   N/A |   N/A | 100.0 | 300.5
               +-------+-------+-------+-------+-------+----------------------

Table legend: (Time is in decaauts)
 A = Elapsed time spent in this place.
 B = Non-inter-level travel time spent in this place.
 C = Inter-level travel time spent in this place.
 D = Time resting spent in this place.
 E = Time spent auto-exploring this place.
 F = Levels seen in this place.
 G = Mean time per level.
                   A        B        C        D        E       F      G
               +--------+--------+--------+--------+--------+-----+--------+
         Total |   4347 |   4246 |    101 |    658 |   2843 |   4 | 1086.8 |
       Dungeon |   4347 |   4246 |    101 |    658 |   2843 |   4 | 1086.8 |
               +--------+--------+--------+--------+--------+-----+--------+

Top non-repeatable levels by time:
     D:1: 1731 daAuts
     D:4: 977 daAuts
     D:2: 904 daAuts
     D:3: 733 daAuts
